TOP OF THE 1ST |
Chicago Hawks batting - Pitching for Las Vegas Flamingos : LHP Jeff Bradshaw
|
Pitching: LHP Jeff Bradshaw
|
|
Batting: RHB Ludwig Kluge
|
0-0: Fly out, F1 (Line Drive, 15)
|
Batting: SHB Evan Adams
|
0-0: Called Strike 0-1: Ball 1-1: Foul Ball, location: 2F 1-2: Ground out 4-3 (Groundball, 4)
|
Batting: RHB Robbie Roach
|
0-0: Ball 1-0: Called Strike 1-1: Ball 2-1: Ball 3-1: DOUBLE (Line Drive, 7LS)
|
Batting: RHB Iván Pérez
|
0-0: Called Strike 0-1: Called Strike 0-2: Ball 1-2: Ball 2-2: Fly out, F9 (Flyball, 9D)
|
Top of the 1st over - 0 run(s), 1 hit(s), 0 error(s), 1 left on base; Chicago 0 - Las Vegas 0 |
BOTTOM OF THE 1ST |
Las Vegas Flamingos batting - Pitching for Chicago Hawks : RHP Luis Mata
|
Pitching: RHP Luis Mata
|
|
Batting: RHB Sake van Arem
|
0-0: Swinging Strike 0-1: Ball 1-1: Ball 2-1: Fly out, F7 (Flyball, 78M)
|
Batting: LHB Job Pels
|
0-0: Fly out, F9 (Flyball, 89D)
|
Batting: LHB Sixto Álvarez
|
0-0: Ball 1-0: Ball 2-0: Called Strike 2-1: Ground out 4-3 (Groundball, 13)
|
Bottom of the 1st over - 0 run(s), 0 hit(s), 0 error(s), 0 left on base; Chicago 0 - Las Vegas 0 |
TOP OF THE 2ND |
Chicago Hawks batting - Pitching for Las Vegas Flamingos : LHP Jeff Bradshaw
|
Batting: LHB Bill Griffin
|
0-0: Called Strike 0-1: Foul Ball, location: 2F 0-2: Ground out 4-3 (Groundball, 4S)
|
Batting: RHB Pablo Trujillo
|
0-0: Called Strike 0-1: Fly out, F6 (Popup, 56)
|
Batting: RHB Soseki Matsunaga
|
0-0: Ball 1-0: Swinging Strike 1-1: Ball 2-1: Called Strike 2-2: Ball 3-2: Ground out 6-3 (Groundball, 6)
|
Top of the 2nd over - 0 run(s), 0 hit(s), 0 error(s), 0 left on base; Chicago 0 - Las Vegas 0 |
BOTTOM OF THE 2ND |
Las Vegas Flamingos batting - Pitching for Chicago Hawks : RHP Luis Mata
|
Batting: LHB Chris McKinney
|
0-0: Ball 1-0: Ball 2-0: Foul Ball, location: 2F 2-1: Ball 3-1: Foul Ball, location: 2F 3-2: Base on Balls
|
Batting: RHB John Aston
|
0-0: Foul Ball, location: 2F 0-1: Swinging Strike 0-2: Strikes out swinging
|
Batting: LHB Takahiro Harada
|
0-0: Ball 1-0: Grounds into double play, U3-6 (Groundball, 3L)
|
Bottom of the 2nd over - 0 run(s), 0 hit(s), 0 error(s), 0 left on base; Chicago 0 - Las Vegas 0 |
TOP OF THE 3RD |
Chicago Hawks batting - Pitching for Las Vegas Flamingos : LHP Jeff Bradshaw
|
Batting: LHB Johnny Hernández
|
0-0: Foul Ball, location: 2F 0-1: Foul Ball, location: 2F 0-2: Ball 1-2: Foul Ball, location: 2F 1-2: Ground out 4-3 (Groundball, 4)
|
Batting: LHB Jeff Conklin
|
0-0: Ball 1-0: Reached on error, E4 (Groundball, 4)
|
Batting: RHB Ludwig Kluge
|
0-0: Ball 1-0: Swinging Strike 1-1: Ball 2-1: Foul Ball, location: 2F 2-2: Ground out 6-3 (Groundball, 6) Jeff Conklin to third
|
Batting: SHB Evan Adams
|
0-0: DOUBLE (Line Drive, 5D) Jeff Conklin scores
|
Batting: RHB Robbie Roach
|
0-0: Called Strike 0-1: Foul Ball, location: 2F 0-2: SINGLE (Flyball, 8RS) Evan Adams to third Runner from 3rd tries for Home, SAFE, no throw or cutoff
|
Batting: RHB Iván Pérez
|
0-0: Ball 1-0: Ball 2-0: Swinging Strike 2-1: Ball 3-1: Foul Ball, location: 2F 3-2: Strikes out swinging
|
Top of the 3rd over - 2 run(s), 2 hit(s), 1 error(s), 1 left on base; Chicago 2 - Las Vegas 0 |
BOTTOM OF THE 3RD |
Las Vegas Flamingos batting - Pitching for Chicago Hawks : RHP Luis Mata
|
Batting: RHB Ángel López
|
0-0: Ball 1-0: Foul Ball, location: 2F 1-1: Foul Ball, location: 2F 1-2: Foul Ball, location: 2F 1-2: Fly out, F9 (Flyball, 9M)
|
Batting: RHB Terry Sylvester
|
0-0: Foul Ball, location: 2F 0-1: Fly out, F7 (Line Drive, 78D)
|
Batting: LHB José Meléndez
|
0-0: Ball 1-0: SINGLE (Groundball, 4MD)
|
Batting: RHB Sake van Arem
|
0-0: SINGLE (Line Drive, 7LS) José Meléndez to second
|
Batting: LHB Job Pels
|
0-0: Swinging Strike 0-1: SINGLE (Line Drive, 8LS) José Meléndez to third Sake van Arem to second Runner from 3rd tries for Home, SAFE, no throw or cutoff
|
Batting: LHB Sixto Álvarez
|
0-0: Ball 1-0: Called Strike 1-1: Foul Ball, location: 2F 1-2: DOUBLE (Line Drive, 89M) Sake van Arem scores Job Pels to third Runner from 3rd tries for Home, SAFE, no throw or cutoff
|
Batting: LHB Chris McKinney
|
0-0: Ground out U3 (Groundball, 3L)
|
Bottom of the 3rd over - 3 run(s), 4 hit(s), 0 error(s), 1 left on base; Chicago 2 - Las Vegas 3 |
TOP OF THE 4TH |
Chicago Hawks batting - Pitching for Las Vegas Flamingos : LHP Jeff Bradshaw
|
Batting: LHB Bill Griffin
|
0-0: Ball 1-0: Foul Ball, location: 2F 1-1: Called Strike 1-2: Foul Ball, location: 2F 1-2: Ball 2-2: Foul Ball, location: 2F 2-2: Ball 3-2: Ground out 6-3 (Groundball, 6)
|
Batting: RHB Pablo Trujillo
|
0-0: Called Strike 0-1: Swinging Strike 0-2: Ball 1-2: Strikes out swinging
|
Batting: RHB Soseki Matsunaga
|
0-0: Fly out, F8 (Flyball, 8RS)
|
Top of the 4th over - 0 run(s), 0 hit(s), 0 error(s), 0 left on base; Chicago 2 - Las Vegas 3 |
BOTTOM OF THE 4TH |
Las Vegas Flamingos batting - Pitching for Chicago Hawks : RHP Luis Mata
|
Batting: RHB John Aston
|
0-0: Ground out 5-3 (Groundball, 6)
|
Batting: LHB Takahiro Harada
|
0-0: SINGLE (Line Drive, 89S)
|
Batting: RHB Ángel López
|
0-0: Called Strike 0-1: Ball 1-1: SINGLE (Line Drive, 34) Takahiro Harada to second
|
Batting: RHB Terry Sylvester
|
0-0: Called Strike 0-1: Ball 1-1: Ball 2-1: Ball 3-1: Base on Balls Takahiro Harada to third Ángel López to second
|
Batting: LHB José Meléndez
|
0-0: SINGLE (Groundball, 56D) Takahiro Harada scores Ángel López to third Terry Sylvester to second Runner from 3rd tries for Home, throw and OUT!
|
Batting: RHB Sake van Arem
|
0-0: Called Strike 0-1: Foul Ball, location: 2F 0-2: Ball 1-2: Ball 2-2: Foul Ball, location: 2F 2-2: Fly out, F8 (Flyball, 8LM)
|
Bottom of the 4th over - 1 run(s), 3 hit(s), 0 error(s), 2 left on base; Chicago 2 - Las Vegas 4 |
TOP OF THE 5TH |
Chicago Hawks batting - Pitching for Las Vegas Flamingos : LHP Jeff Bradshaw
|
Batting: LHB Johnny Hernández
|
0-0: Ground out 4-3 (Groundball, 4)
|
Batting: LHB Jeff Conklin
|
0-0: Swinging Strike 0-1: Ball 1-1: Fly out, F7 (Flyball, 7LM)
|
Batting: RHB Ludwig Kluge
|
0-0: Ball 1-0: Swinging Strike 1-1: Ball 2-1: Foul Ball, location: 2F 2-2: Ball 3-2: Foul Ball, location: 2F 3-2: Base on Balls
|
Batting: SHB Evan Adams
|
0-0: Ball 1-0: Foul Ball, location: 2F 1-1: Fly out, F8 (Flyball, 8RD)
|
Top of the 5th over - 0 run(s), 0 hit(s), 0 error(s), 1 left on base; Chicago 2 - Las Vegas 4 |
BOTTOM OF THE 5TH |
Las Vegas Flamingos batting - Pitching for Chicago Hawks : RHP Luis Mata
|
Batting: LHB Job Pels
|
0-0: Fly out, F7 (Flyball, 7S)
|
Batting: LHB Sixto Álvarez
|
0-0: Foul Ball, location: 2F 0-1: SINGLE (Groundball, 4MD)
|
Batting: LHB Chris McKinney
|
0-0: Called Strike 0-1: Foul Ball, location: 2F 0-2: Ball 1-2: Ball 2-2: Grounds into double play, 1-6-3 (Groundball, 15S)
|
Bottom of the 5th over - 0 run(s), 1 hit(s), 0 error(s), 0 left on base; Chicago 2 - Las Vegas 4 |
TOP OF THE 6TH |
Chicago Hawks batting - Pitching for Las Vegas Flamingos : LHP Jeff Bradshaw
|
Batting: RHB Robbie Roach
|
0-0: Foul Ball, location: 2F 0-1: Ground out 5-3 (Groundball, 56S)
|
Batting: RHB Iván Pérez
|
0-0: Ball 1-0: Foul Ball, location: 2F 1-1: Foul Ball, location: 2F 1-2: Ball 2-2: SINGLE (Line Drive, 8RS)
|
Batting: LHB Bill Griffin
|
0-0: Called Strike 0-1: Ball 1-1: Foul Ball, location: 2F 1-2: Ball 2-2: Foul Ball, location: 2F 2-2: Strikes out looking
|
Pitching: LHP Shunen Takahashi
|
|
Batting: RHB Pablo Trujillo
|
0-0: Ball 1-0: Ball 2-0: Called Strike 2-1: Ball 3-1: Base on Balls Iván Pérez to second
|
Batting: RHB Soseki Matsunaga
|
0-0: Called Strike 0-1: Fielders Choice at 2nd, U6 (Groundball, 6M)
|
Top of the 6th over - 0 run(s), 1 hit(s), 0 error(s), 2 left on base; Chicago 2 - Las Vegas 4 |
BOTTOM OF THE 6TH |
Las Vegas Flamingos batting - Pitching for Chicago Hawks : RHP Luis Mata
|
Batting: RHB John Aston
|
0-0: Ball 1-0: Ball 2-0: Called Strike 2-1: Ground out 6-3 (Groundball, 6)
|
Batting: LHB Takahiro Harada
|
0-0: Foul Ball, location: 2F 0-1: Ball 1-1: Ball 2-1: Swinging Strike 2-2: Ball 3-2: Base on Balls
|
Batting: RHB Ángel López
|
0-0: Ball 1-0: Fly out, F4 (Popup, 3D)
|
Batting: RHB Terry Sylvester
|
0-0: Ball 1-0: Called Strike 1-1: Fly out, F9 (Flyball, 89XD)
|
Bottom of the 6th over - 0 run(s), 0 hit(s), 0 error(s), 1 left on base; Chicago 2 - Las Vegas 4 |
TOP OF THE 7TH |
Chicago Hawks batting - Pitching for Las Vegas Flamingos : LHP Shunen Takahashi
|
Batting: LHB Johnny Hernández
|
0-0: Fly out, F8 (Flyball, 78XD)
|
Batting: LHB Jeff Conklin
|
0-0: Ball 1-0: Ball 2-0: Ball 3-0: Base on Balls
|
Batting: RHB Ludwig Kluge
|
0-0: Called Strike 0-1: Ball 1-1: Called Strike 1-2: Reached on error, E6 (Groundball, 6M) Jeff Conklin to second
|
Batting: SHB Evan Adams
|
0-0: Ball 1-0: Foul Ball, location: 2F 1-1: Called Strike 1-2: Ball 2-2: DOUBLE (Line Drive, 78M) Jeff Conklin scores Ludwig Kluge to third
|
Batting: RHB Robbie Roach
|
0-0: Fly out, F8 (Flyball, 8LM) Runner from 3rd tags up, SCORES, no throw
|
Batting: RHB Iván Pérez
|
0-0: Ball 1-0: Foul Ball, location: 2F 1-1: Ball 2-1: Ball 3-1: Foul Ball, location: 2F 3-2: Base on Balls
|
Batting: LHB Bill Griffin
|
0-0: Called Strike 0-1: Ball 1-1: Ball 2-1: Called Strike 2-2: Foul Ball, location: 2F 2-2: Foul Ball, location: 2F 2-2: Ball Wild Pitch! Evan Adams to third Iván Pérez to second 3-2: Fly out, F9 (Flyball, 9LD)
|
Top of the 7th over - 2 run(s), 1 hit(s), 1 error(s), 2 left on base; Chicago 4 - Las Vegas 4 |
BOTTOM OF THE 7TH |
Las Vegas Flamingos batting - Pitching for Chicago Hawks : RHP Luis Mata
|
Pinch Hitting: SHB Wilbert Carter
|
0-0: Foul Ball, location: 2F 0-1: Swinging Strike 0-2: Strikes out looking
|
Batting: RHB Sake van Arem
|
0-0: Ball 1-0: Ball 2-0: Ball 3-0: Base on Balls
|
Batting: LHB Job Pels
|
0-0: Ball Sake van Arem is caught stealing 2nd base 1-0: Ball 2-0: Ground out 3-6 (Groundball, 3L)
|
Bottom of the 7th over - 0 run(s), 0 hit(s), 0 error(s), 0 left on base; Chicago 4 - Las Vegas 4 |
TOP OF THE 8TH |
Chicago Hawks batting - Pitching for Las Vegas Flamingos : LHP Shunen Takahashi
|
Now in RF: Wilbert Carter
|
|
Batting: RHB Pablo Trujillo
|
0-0: Ball 1-0: Ball 2-0: Fly out, F8 (Line Drive, 8LS)
|
Batting: RHB Soseki Matsunaga
|
0-0: Ball 1-0: Ball 2-0: Ball 3-0: Called Strike 3-1: SOLO HOME RUN (Flyball, 7LD), Distance : 365 ft
|
Pitching: RHP Ron Yarbrough
|
|
Batting: LHB Johnny Hernández
|
0-0: Called Strike 0-1: Foul Ball, location: 2F 0-2: Ball 1-2: Strikes out swinging
|
Batting: LHB Jeff Conklin
|
0-0: Called Strike 0-1: Ball 1-1: Ball 2-1: Called Strike 2-2: Foul Ball, location: 2F 2-2: Strikes out swinging
|
Top of the 8th over - 1 run(s), 1 hit(s), 0 error(s), 0 left on base; Chicago 5 - Las Vegas 4 |
BOTTOM OF THE 8TH |
Las Vegas Flamingos batting - Pitching for Chicago Hawks : RHP Luis Mata
|
Batting: LHB Sixto Álvarez
|
0-0: Ball 1-0: Ball 2-0: Ball 3-0: Base on Balls
|
Batting: LHB Chris McKinney
|
0-0: Ball 1-0: Foul Ball, location: 2F 1-1: Foul Ball, location: 2F 1-2: Ball 2-2: Ball 3-2: Fielders Choice at 2nd, 3-6 (Groundball, 3)
|
Batting: RHB John Aston
|
0-0: Ball 1-0: Ball 2-0: Called Strike 2-1: Fly out, F7 (Flyball, 7LM)
|
Pinch Hitting: LHB Victor Adams
|
0-0: Ball 1-0: Fly out, F8 (Line Drive, 8RD)
|
Bottom of the 8th over - 0 run(s), 0 hit(s), 0 error(s), 1 left on base; Chicago 5 - Las Vegas 4 |
TOP OF THE 9TH |
Chicago Hawks batting - Pitching for Las Vegas Flamingos : RHP Ron Yarbrough
|
Pitching: RHP Alfredo Martínez
|
|
Now in LF: Victor Adams
|
|
Batting: RHB Ludwig Kluge
|
0-0: SINGLE (Line Drive, 6D)
|
Batting: SHB Evan Adams
|
0-0: Ball 1-0: Sac Bunt - play at first, batter OUT! 5-4 Ludwig Kluge to second
|
Batting: RHB Robbie Roach
|
0-0: Foul Ball, location: 2F 0-1: Foul Ball, location: 2F 0-2: Foul Ball, location: 2F 0-2: Ball 1-2: Fly out, F8 (Flyball, 8LD) Runner from 2nd tags up, SAFE at 3rd, no throw
|
Batting: RHB Iván Pérez
|
0-0: Ball 1-0: Foul Ball, location: 2F 1-1: Swinging Strike 1-2: Foul Ball, location: 2F 1-2: SINGLE (Flyball, 9LS) Ludwig Kluge scores
|
Batting: LHB Bill Griffin
|
0-0: Ball 1-0: Ball 2-0: Called Strike 2-1: Swinging Strike 2-2: Ball 3-2: Base on Balls Iván Pérez to second
|
Batting: RHB Pablo Trujillo
|
0-0: Ball 1-0: Called Strike 1-1: Ball 2-1: Ball 3-1: Base on Balls Iván Pérez to third Bill Griffin to second
|
Batting: RHB Soseki Matsunaga
|
0-0: Ball 1-0: SINGLE (Line Drive, 6MD) Iván Pérez scores Bill Griffin to third Pablo Trujillo to second
|
Pitching: RHP Joey McCarthy
|
|
Batting: LHB Johnny Hernández
|
0-0: Called Strike 0-1: Ball 1-1: Swinging Strike 1-2: Strikes out swinging
|
Top of the 9th over - 2 run(s), 3 hit(s), 0 error(s), 3 left on base; Chicago 7 - Las Vegas 4 |
BOTTOM OF THE 9TH |
Las Vegas Flamingos batting - Pitching for Chicago Hawks : RHP Luis Mata
|
Now at C: Carl Carlson
|
|
Now at 1B: Elvis Larson
|
|
Now at SS: Jeremiah Spencer
|
|
Batting: RHB Ángel López
|
0-0: Ball 1-0: Ball 2-0: Called Strike 2-1: Foul Ball, location: 2F 2-2: Ground out 6-3 (Groundball, 6)
|
Batting: RHB Terry Sylvester
|
0-0: Called Strike 0-1: Foul Ball, location: 2F 0-2: Foul Ball, location: 2F 0-2: Ground out 6-3 (Groundball, 6)
|
Batting: SHB Wilbert Carter
|
0-0: Fly out, F9 (Flyball, 89M)
|
Bottom of the 9th over - 0 run(s), 0 hit(s), 0 error(s), 0 left on base; Chicago 7 - Las Vegas 4 |
|